Map: Acid Plant LE

Players

lIIllllIIlll (INnoVation) - Winner!

  • Race: Terran Terran
  • League: Master
  • Spawn Location: 11:00

goblin

  • Race: Protoss Protoss
  • Spawn Location: 5:00

Event: HomeStory Cup XVIII

VOD

Have the link to the VOD?

Description

Time

  • Played on: Nov. 22, 2018, 4:20 p.m.
  • Length: 7:21

All games in this series

Show
View Real Time Build Order
Export as new Build Order

lIIllllIIlll Terran - Winner!

Build Orders: Cyclone Opening 

Get SALT Encoding   

  12  0:00  SCV  
  13  0:12  SCV  
  14  0:17  Supply Depot  
  14  0:24  SCV  
  15  0:38  SCV  
  15  0:39  Barracks  
  16  0:44  Refinery  
  16  0:50  SCV  
  16  0:55  Refinery  
  17  1:02  SCV  
  18  1:15  SCV  
  19  1:26  Reaper  
  19  1:27  Orbital Command  
  19  1:32  Supply Depot  
  20  1:42  Factory  
  20  1:52  SCV  
  21  2:04  SCV  
  22  2:16  SCV  
  23  2:25  Factory Tech Lab  
  23  2:28  SCV  
  23  2:29  Command Center  
  24  2:33  Barracks Reactor  
  24  2:41  SCV  
  24  2:43  Cyclone  
  28  2:48  Supply Depot  
  28  2:53  SCV  
  29  2:58  Starport  
  29  3:05  SCV  
  30  3:09  Marine  
  30  3:10  Marine  
  32  3:14  Supply Depot  
  32  3:21  Cyclone  
  32  3:24  SCV  
  36  3:31  Marine x2  
  38  3:37  Medivac  
  38  3:40  SCV  
  39  3:51  Marine x2  
  39  3:52  Liberator  
  39  3:53  Cyclone  
  39  3:54  SCV  
  45  3:59  Orbital Command  
  44  4:06  SCV  
  48  4:14  Marine x2  
  50  4:19  SCV  
  51  4:25  Cyclone  
  54  4:32  SCV x2  
  54  4:34  Supply Depot  
  54  4:35  Marine x2  
  57  4:44  SCV x2  
  55  4:57  Marine  
  55  4:58  Cyclone, SCV  
  59  5:08  Bunker, SCV  
  59  5:10  SCV  
  60  5:19  Marine x2  
  60  5:20  SCV  
  61  5:23  SCV  
  61  5:29  Liberator  
  61  5:32  SCV  
  61  5:35  SCV  
  59  5:43  Marine x2  
  59  5:44  SCV  
  59  5:47  SCV  
  66  5:55  Supply Depot  
  66  5:56  SCV  
  63  6:00  Siege Tank  
  63  6:01  Marine x2  
  63  6:02  SCV  
  61  6:08  Bunker, SCV  
  62  6:14  SCV  
  62  6:16  Barracks  
  63  6:19  Marine x2  
  63  6:20  SCV  
  66  6:26  SCV  
  66  6:32  Siege Tank  
  63  6:33  SCV  
  63  6:37  Marine x2  
  63  6:38  SCV  
  58  6:45  SCV  
  52  6:50  SCV  
  47  6:54  Marine x2  
  47  6:57  SCV  
  50  7:03  SCV  
  50  7:09  SCV  
Show
View Real Time Build Order
Export as new Build Order

goblin Protoss 

Build Orders: Oracle Opening, Phoenix Opening 

Get SALT Encoding   

  12  0:00  Probe  
  13  0:13  Probe  
  14  0:17  Pylon  
  14  0:24  Probe  
  15  0:32  Probe  
  15  0:38  Gateway  
  15  0:40  Probe  
  16  0:47  Assimilator  
  17  0:51  Probe  
  18  1:03  Probe  
  19  1:08  Assimilator  
  19  1:15  Probe  
  20  1:25  Cybernetics Core  
  22  1:34  Probe  
  23  1:41  Zealot  
  23  1:46  Nexus  
  23  1:57  Pylon  
  23  2:04  Warp Gate  
  23  2:15  Adept  
  25  2:19  Stargate  
  25  2:41  Pylon  
  25  2:49  Adept  
  27  2:52  Oracle  
  27  2:58  Probe x2  
  32  3:10  Probe x2  
  34  3:13  Shield Battery  
  34  3:20  Oracle  
  34  3:27  Probe  
  34  3:28  Probe  
  39  3:39  Probe  
  35  3:43  Probe  
  36  3:50  Gateway  
  36  3:52  Phoenix, Probe  
  36  3:54  Gateway  
  35  4:05  Shield Battery, Probe  
  36  4:10  Stalker  
  38  4:22  Pylon  
  38  4:24  Probe x2  
  40  4:32  Stalker  
  42  4:49  Stalker  
  42  4:50  Stalker x2  
  48  4:54  Pylon  
  48  4:55  Assimilator  
  48  4:56  Gateway  
  46  5:08  Shield Battery  
  39  5:23  Stalker x3  
  41  5:47  Stalker x3  
  42  6:10  Adept x4, Probe x2  
  50  6:18  Probe x2  
  40  6:41  Stalker  
  35  6:49  Stalker  
Tags
 
Add a new tag
Caveats
  • Supply blocks, unpowered buildings, or Contaminate may cause inaccurate times.
  • Supply counts are checked every 10 seconds.